 Dungeon Crawl Stone Soup version 0.20.1-1-g8b1a95d (webtiles) character file.

60 Principatus the Charmwright (level 4, -6/35 HPs)
             Began as a Merfolk Skald on July 30, 2017.
             Killed from afar by saplok's ghost (20 damage)
             ... with a stone arrow
             ... on level 3 of the Dungeon.
             The game lasted 00:20:50 (2032 turns).

Principatus the Charmwright (Merfolk Skald)         Turns: 2032, Time: 00:20:53

Health: -6/35      AC:  5    Str: 12    XL:     4   Next: 6%
Magic:  5/7        EV: 11    Int:  7    God:
Gold:   68         SH:  0    Dex: 13    Spells: 4/7 levels left

rFire    . . .     SeeInvis .   a - +0 spear
rCold    . . .     Gourm    .   (no shield)
rNeg     . . .     Faith    .   o - +0 ring mail
rPois    .         Spirit   .   (no helmet)
rElec    .         Reflect  .   (no cloak)
rCorr    .         Harm     .   (no gloves)
MR       .....                  (no boots)
Stlth    +.........             (no amulet)
Regen    0.2/turn               u - -5 ring of intelligence (curse)
MPRegen  0.1/turn               (no ring)

@: very slightly contaminated
A: change form in water, swift swim, stealthy swim
a: no special abilities


You were on level 3 of the Dungeon.
You were not hungry.

You visited 1 branch of the dungeon, and saw 3 of its levels.

You collected 68 gold pieces.

Inventory:

Hand Weapons
 a - a +0 spear (weapon)
 g - a +2 dagger of venom
Missiles
 n - 101 stones (quivered)
Armour
 b - a +0 leather armour
 o - a +0 ring mail (worn)
Jewellery
 u - a cursed -5 ring of intelligence (left hand)
Scrolls
 e - a scroll of recharging {unknown}
 h - a scroll of immolation {unknown}
 i - 3 scrolls of teleportation
 j - a scroll of blinking {unknown}
 m - a scroll of remove curse {unknown}
 s - a scroll of fear {unknown}
Potions
 f - a potion of curing {unknown}
 l - a potion of degeneration {unknown}
 q - a potion of heal wounds {unknown}
 r - 2 potions of magic {unknown}
Books
 c - a book of Battle

   Spells                             Type                      Level
   a - Infusion                       Charms                       1
   b - Shroud of Golubria             Charms/Translocation         2
   c - Song of Slaying                Charms                       2
   d - Spectral Weapon                Hexes/Charms                 3
   e - Regeneration                   Charms/Necromancy            3
Comestibles
 d - 3 bread rations
 p - 2 royal jellies
 t - 3 fruits


   Skills:
 + Level 3.1 Fighting
 - Level 4.0 Polearms
 - Level 0.6 Armour
 - Level 2.8 Dodging
 - Level 2.1 Spellcasting
 + Level 4.1 Charms


You had 4 spell levels left.
You knew the following spells:

 Your Spells              Type           Power        Failure   Level  Hunger
a - Infusion              Chrm           #...         16%         1    ##.....
b - Shroud of Golubria    Chrm/Tloc      #.........   50%         2    ###....


Dungeon Overview and Level Annotations

Branches:
Dungeon (3/15)

Altars:

Annotations:
D:3 saplok's ghost, amateur GrEE


Message History

The blast of sand hits you! The bat hits you but does no damage.
You closely miss saplok's ghost. The bat hits you.
The earth trembles for a moment.
Saplok's ghost casts a spell at you. The blast of sand misses you.
You hit saplok's ghost.
Saplok's ghost is lightly damaged.
Saplok's ghost casts a spell at you. The blast of sand hits you!
You hit saplok's ghost but do no damage.
Saplok's ghost is lightly damaged.
The bat closely misses you. The bat hits you. The bat closely misses you.
Saplok's ghost hits you.
You hit saplok's ghost but do no damage.
Saplok's ghost is lightly damaged.
The bat hits you.
Saplok's ghost points at you and mumbles some strange words.
The stone arrow hits you!
Ouch! That really hurt!
You die...

#####.#.##..#.#
#..
##.........##.##..
..
##.##.#.##.##.#...
#..
......#.##.##.....
##...
$...<.#........#
....
.....#####.##.##
...# ..>..# #.##.#
#..# .....#
#...†###.b# ######
#.###..W@.# #.
#.##### #. #.# ##
.## .# #. . ##


You could see saplok's ghost and a bat.

Vanquished Creatures
  An adder (D:2)
  2 worms (D:2)
  6 bats
  2 giant cockroaches
  4 goblins (D:1)
  7 hobgoblins
  7 jackals
  A quokka (D:2)
  A ball python (D:3)
  2 frilled lizards
  6 kobolds
  3 rats
42 creatures vanquished.

Notes
Turn   | Place    | Note
-------+----------+-------------------------------------------
     0 | D:1      | Principatus the Merfolk Skald began the quest for the Orb.
     0 | D:1      | Reached XP level 1. HP: 16/16 MP: 3/3
    89 | D:1      | Reached XP level 2. HP: 9/23 MP: 0/5
   840 | D:1      | Reached XP level 3. HP: 27/28 MP: 6/6
   854 | D:1      | Learned a level 2 spell: Shroud of Golubria
  1681 | D:2      | Reached XP level 4. HP: 35/35 MP: 7/7
  1912 | D:3      | Noticed an ogre
  1988 | D:3      | Noticed saplok's ghost (amateur GrEE)
  2032 | D:3      | Killed from afar by saplok's ghost

Skill      XL: |  1  2  3 |
---------------+----------+-----
Polearms       | 4 |  4.0
Fighting       | 3 |  3.1
Charms         | 4 |  4.1
Armour         | |  0.6
Dodging        | |  2.8
Spellcasting   | |  2.1

Action                   |  1- 3 |  4- 6 || total
-------------------------+-------+-------++-------
Melee: Spear             |    51 |    29 ||    80
       Dagger            |    83 |     2 ||    85
 Cast: Infusion          |     1 |       ||     1
       Shroud of Golubri |     2 |     1 ||     3
  Use: Scroll            |     1 |       ||     1
  Eat: Chunk             |     2 |       ||     2
       Meat ration       |       |     1 ||     1
Armor: Leather armour    |    25 |       ||    25
       Ring mail         |    25 |    27 ||    52
Dodge: Dodged            |    84 |    40 ||   124
